 Dungeon Crawl Stone Soup version 0.27-a0-1187-ge80a49f48c (webtiles) character file.

Game seed: 8263755938561155148

5747 Ijustatesigmund the Cleaver (level 10, -1/93 (95) HPs)
             Began as a Hill Orc Fighter on May 20, 2021.
             Was a Believer of Cheibriados.
             Killed from afar by an acid dragon (13 damage)
             ... with a splash of acid
             ... on level 9 of the Dungeon.
             The game lasted 00:14:45 (7908 turns).

Ijustatesigmund the Cleaver (Hill Orc Fighter)      Turns: 7908, Time: 00:14:46

HP:   -1/93 (95)    AC: 15    Str: 24    XL:     10   Next: 77%
MP:   16/16         EV: 13    Int: 12    God:    Cheibriados [**....]
Gold: 554           SH: 17    Dex: 17    Spells: 9/9 levels left

rFire    + . .     SeeInvis .   a - +1 war axe (protect)
rCold    . . .     Faith    .   c - +1 kite shield
rNeg     . . .     Spirit   .   b - +1 scale mail {rF+}
rPois    .         Reflect  +   (no helmet)
rElec    .         Harm     .   (no cloak)
rCorr    .         Rampage  .   e - +2 pair of gloves
Will     .....                  (no boots)
Stlth    ..........             i - amulet of reflection
HPRegen  0.25/turn              k - +4 ring of evasion
MPRegen  0.15/turn              r - +4 ring of protection

@: about to teleport, studying Conjurations, lightly drained, very slow
A: no striking features
a: Renounce Religion, Bend Time


You were on level 9 of the Dungeon.
You worshipped Cheibriados.
Cheibriados was pleased with you.
You visited 2 branches of the dungeon, and saw 10 of its levels.

You collected 1508 gold pieces.
You spent 954 gold pieces at shops.

Inventory:

Hand Weapons
 a - a +1 war axe of protection (weapon)
 h - a +2 hand axe of flaming
Missiles
 t - a curare-tipped dart (quivered)
Armour
 b - a +1 scale mail of fire resistance (worn)
 c - a +1 kite shield (worn)
 e - a +2 pair of gloves (worn)
Jewellery
 i - an amulet of reflection (around neck)
 k - a +4 ring of evasion (left hand)
 p - a ring of see invisible
 r - a +4 ring of protection (right hand)
Wands
 n - a wand of paralysis (3)
 u - a wand of iceblast (13)
Scrolls
 g - a scroll of brand weapon
 l - a scroll of amnesia
Potions
 d - 2 potions of curing
 m - a potion of berserk rage {unknown}
 o - 2 potions of haste {unknown}
 s - a potion of attraction
 w - a potion of brilliance {unknown}


   Skills:
 + Level 11.1 Fighting
 + Level 12.0 Axes
 - Level 5.9 Armour
 - Level 2.7 Dodging
 - Level 4.8 Shields
 + Level 8.3 Invocations


You had 9 spell levels left.
You didn't know any spells.
Your spell library was empty.

Dungeon Overview and Level Annotations

Branches:
Dungeon (9/15)             Temple (1/1) D:7
   Lair: D:8-11         Orc: D:9-12

Altars:
Ashenzari
Cheibriados
Dithmenos
Elyvilon
Fedhas
Gozag
Hepliaklqana
Kikubaaqudgha
Makhleb
Nemelex Xobeh
Okawaru
Qazlal
Ru
Sif Muna
Trog
Uskayaw
Vehumet
Wu Jian
Xom
Yredelemnul
The Shining One

Shops:
D:3 !(   D:5 =   D:9 !


Message History

The two-headed ogre misses you. You block the two-headed ogre's attack.
The yak barely misses you. You block the yak's attack.
You hit the two-headed ogre.
The two-headed ogre is severely wounded.
You hit the yak. x2; You block the yak's attack.
The yak gores you!
The two-headed ogre hits you with a +0 giant club!!
* * * LOW HITPOINT WARNING * * *
You block the two-headed ogre's attack.
Blink to where?
Press: ? - help, Dir - move target
As you read the scroll of blinking, it crumbles to dust.
Found a hardcover book.
As you read the scroll of teleportation, it crumbles to dust.
You feel strangely unstable.
Your surroundings suddenly seem different.
An acid dragon comes into view.
The acid dragon roars!
A wight comes into view. It is wielding a +0 hand axe.
A wight comes into view. It is wielding a +0 dire flail.
A wight comes into view. It is wielding a +0 long sword.
A wight comes into view. It is wielding a +3 trident.
The acid dragon spits acid at you. The splash of acid hits you.
* * * LOW HITPOINT WARNING * * *
You are splashed with acid!
* * * LOW HITPOINT WARNING * * *
Found a long sword.
Okay, then.
Okay, then.
As you read the scroll of fog, it crumbles to dust.
The scroll dissolves into smoke.
The wight hits you with a +0 long sword.
* * * LOW HITPOINT WARNING * * *
You feel drained.
As you read the scroll of teleportation, it crumbles to dust.
You feel strangely unstable. You block the wight's attack.
The wight barely misses you. The acid dragon spits acid at you.
The splash of acid hits you!
You die...

#..###..P. ##≈≈≈#...P.
.P# #≈≈≈≈≈[.# .P
...∩≈≈.# .. .≈≈≈≈≈##
##########.# ..≈≈≈>#
#..........# ......##
#....§.§§§.### .......#
#....§§z§§...# .......#
#....zz@§D...# .......#
##.)§§z§§....# .......#
#...§§§§.....# ....[..#
#............#
..<....#####..........##
.........###..........#
......................#
...........##.........#
...........#


You could see an acid dragon (catching breath) and 4 wights.

Vanquished Creatures
  Erica (D:8)
  A two-headed ogre (D:9)
  A kobold demonologist (D:9)
  9 yaks
  Eustachio (D:5)
  A wraith (D:9)
  3 water moccasins
  Duvessa (D:5)
  An ice beast (D:7)
  3 orc warriors
  2 sky beasts
  An ogre (D:7)
  3 kobold brigands
  Dowan (D:5)
  A water moccasin skeleton (D:7)
  4 killer bees (D:9)
  4 wights (D:8)
  A howler monkey (D:7)
  3 centaur zombies
  2 jellies
  A gnoll shaman (D:6)
  4 orc priests
  A hound (D:5)
  2 iguanas
  A scorpion zombie (D:3)
  6 orc wizards
  A hound zombie (D:5)
  A hound skeleton (D:4)
  A howler monkey zombie (D:8)
  15 gnolls
  Robin (D:2)
  8 adders
  A white imp (D:5)
  2 ufetubi
  2 adder skeletons
  2 worms
  2 dart slugs
  16 orcs
  4 ball pythons
  8 endoplasms
  6 giant cockroaches
  14 goblins
  3 hobgoblins
  2 jackals (D:1)
  19 kobolds
  5 quokkas
  8 bats
  A frilled lizard (D:2)
  5 rats
186 creatures vanquished.

Vanquished Creatures (others)
  2 kobolds
2 creatures vanquished.

Grand Total: 188 creatures vanquished

Notes
Turn   | Place    | Note
-------+----------+-------------------------------------------
     0 | D:1      | Ijustatesigmund the Hill Orc Fighter began the quest for
                  | the Orb.
     0 | D:1      | Reached XP level 1. HP: 19/19 MP: 1/1
    26 | D:1      | Found a faded altar of an unknown god.
    40 | D:1      | Reached skill level 3 in Axes
   180 | D:1      | Reached XP level 2. HP: 22/27 MP: 2/2
   699 | D:2      | Reached skill level 4 in Axes
   699 | D:2      | Reached XP level 3. HP: 33/33 MP: 3/3
   949 | D:2      | Identified the -1 helmet of the Northern Lights {Rampage
                  | Will+++ Regen+ MP-9}
   949 | D:2      | Noticed Robin
   956 | D:2      | Killed Robin
   974 | D:2      | Reached XP level 4. HP: 34/41 MP: 4/4
  1036 | D:2      | Reached skill level 5 in Axes
  1980 | D:3      | Found Wuani's General Store.
  1982 | D:3      | Found Budetu's Distillery.
  2005 | D:2      | Reached XP level 5. HP: 36/47 MP: 5/5
  2084 | D:3      | Reached skill level 5 in Fighting
  2122 | D:3      | Found a sparkling altar of Nemelex Xobeh.
  2279 | D:3      | Found Ucuuxidwa's Weapon Shop.
  2756 | D:3      | Found a broken altar of Ashenzari.
  2759 | D:3      | Found an opulent altar of Gozag.
  2762 | D:3      | Found a shimmering blue altar of Sif Muna.
  3107 | D:4      | Reached XP level 6. HP: 56/56 MP: 6/6
  3115 | D:4      | Reached skill level 6 in Axes
  3241 | D:4      | Noticed a sky beast
  3256 | D:4      | Killed a sky beast
  3741 | D:4      | Identified a scroll of acquirement
  3741 | D:4      | Acquired 1191 gold pieces
  4027 | D:5      | Entered Level 5 of the Dungeon
  4027 | D:5      | Noticed Duvessa
  4027 | D:5      | Noticed Dowan
  4104 | D:5      | Noticed Eustachio
  4146 | D:5      | Killed Eustachio
  4147 | D:5      | Reached skill level 5 in Armour
  4147 | D:5      | Reached XP level 7. HP: 46/63 MP: 7/7
  4244 | D:5      | Acquired a manual of Conjurations
  4510 | D:5      | Identified the +5 hand axe of Forced Transition {vorpal,
                  | Contam +Rage rElec SInv}
  4609 | D:5      | Reached skill level 7 in Axes
  4636 | D:5      | Killed Duvessa
  4653 | D:5      | Killed Dowan
  4662 | D:5      | Reached XP level 8. HP: 61/71 MP: 8/8
  4711 | D:5      | Found Gefu Bal's Jewellery Boutique.
  4727 | D:5      | Bought an amulet of reflection for 420 gold pieces
  4727 | D:5      | Bought a +4 ring of evasion for 504 gold pieces
  5383 | D:7      | Reached skill level 8 in Axes
  5383 | D:7      | Reached skill level 1 in Dodging
  5551 | D:7      | Reached skill level 9 in Axes
  5551 | D:7      | Reached XP level 9. HP: 50/81 MP: 9/9
  5751 | D:7      | Found a staircase to the Ecumenical Temple.
  5905 | Temple   | Entered the Ecumenical Temple
  5997 | Temple   | Became a worshipper of Cheibriados the Contemplative
  6235 | D:8      | Reached skill level 1 in Invocations
  6383 | D:8      | Found a stormy altar of Qazlal.
  6383 | D:8      | Found a shimmering altar of Xom.
  6457 | D:8      | Reached skill level 10 in Axes
  6689 | D:8      | Reached * piety under Cheibriados
  6885 | D:8      | Noticed Erica
  6897 | D:8      | Killed Erica
  6898 | D:8      | Reached skill level 10 in Fighting
  6898 | D:8      | Reached skill level 11 in Axes
  6898 | D:8      | Reached XP level 10. HP: 50/93 MP: 12/14
  7398 | D:9      | Identified the +1 ring mail "Pohem" {Int+4}
  7399 | D:9      | Found Suorufomp's Distillery.
  7409 | D:9      | Bought a potion of attraction for 30 gold pieces
  7422 | D:9      | Noticed a kobold demonologist
  7435 | D:9      | Killed a kobold demonologist
  7483 | D:9      | Noticed a two-headed ogre
  7497 | D:9      | Killed a two-headed ogre
  7676 | D:9      | Reached ** piety under Cheibriados
  7878 | D:9      | Noticed a two-headed ogre
  7896 | D:9      | Reached skill level 12 in Axes
  7908 | D:9      | Killed from afar by an acid dragon

Illustrated notes

Levels and vault maps discovered:
D:1:      dpeg_arrival_arbitrary_a, layout_rooms, basic_ecumenical_altar,
          chequers_jeans
D:2:      layout_loops_cross, uniq_robin
D:3:      layout_loops_ring, nicolae_overflow_hidden_temple, serial_shops, shop,
          shop, nicolae_shop_behind_doors
D:4:      layout_basic
D:5:      layout_basic, serial_shops, shop, uniq_duvessa, uniq_eustachio
D:6:      layout_rooms, hex_tiny, hangedman_decor_growths
D:7:      layout_rooms, minmay_temple_entry_statues_fountains
D:8:      layout_basic, gammafunk_temple_overflow_wave, uniq_erica
D:9:      layout_cave_pods, serial_shops, nicolae_shop_waterfront,
          minmay_hedge_maze, hangedman_abyss_or_decor_stagger
Temple:   regret_index_temple_waves

Skill      XL: |  1  2  3  4  5  6  7  8  9 10 |
---------------+-------------------------------+-----
Axes           | 3 4 5 6 7 9 11 12 | 12.0
Fighting       | 4 5 6 8 10 11 | 11.1
Armour         | 4 5 |  5.9
Shields        | 4 |  4.8
Dodging        | 2 |  2.7
Invocations    | 6 8 |  8.3

Action                   |  1- 3 |  4- 6 |  7- 9 | 10-12 || total
-------------------------+-------+-------+-------+-------++-------
Melee: War axe           |    86 |   250 |   303 |    95 ||   734
Throw: Dart              |       |       |       |     1 ||     1
  Use: Potion            |     1 |       |     4 |     2 ||     7
       Scroll            |       |    10 |     4 |     4 ||    18
 Stab: Invisible         |       |       |     3 |       ||     3
Armor: Scale mail        |    54 |   159 |   134 |    47 ||   394
Dodge: Dodged            |    29 |    95 |   113 |    50 ||   287
Block: Kite shield       |    42 |   137 |   208 |   111 ||   498
       Reflection        |       |       |     2 |     7 ||     9

Table legend: (Time is in decaauts)
 A = Elapsed time spent in this place.
 B = Non-inter-level travel time spent in this place.
 C = Inter-level travel time spent in this place.
 D = Time resting spent in this place.
 E = Time spent auto-exploring this place.
 F = Levels seen in this place.
 G = Mean time per level.
                   A        B        C        D        E       F      G
               +--------+--------+--------+--------+--------+-----+--------+
         Total |   8579 |   8214 |    365 |   1468 |   5197 |  10 |  857.9 |
       Dungeon |   8411 |   8120 |    291 |   1468 |   5123 |   9 |  934.6 |
        Temple |    168 |     94 |     74 |      0 |     73 |   1 |  168.0 |
               +--------+--------+--------+--------+--------+-----+--------+

Top non-repeatable levels by time:
     D:8: 1615 daAuts
     D:2: 1442 daAuts
     D:4: 1260 daAuts
     D:5: 887 daAuts
     D:3: 800 daAuts
     D:1: 717 daAuts
     D:9: 637 daAuts
     D:7: 625 daAuts
     D:6: 424 daAuts
  Temple: 168 daAuts
